Hurricanes vs Flyers

Created - January 12 2008 at 11:46

Goals
1 2 3 T
Hurricanes 1 0 1 2
Flyers 0 3 0 3
Shots
1 2 3 T
Hurricanes 5 8 5 18
Flyers 5 14 10 29

Period #1

1. Hurricanes , Erik Cole 12 (Eric Staal, Ladislav Nagy) at 4:05

Penalties :
Aaron Miller (CAR) for Holding Stick (Minor) at 4:52, Dustin Penner (PHI) for Interference (Minor) at 8:41, Mikko Koivu (CAR) for Roughing (Minor) at 13:02

Period #2

2. Flyers , Alexander Radulov 12 (Darryl Sydor, Mike Knuble) at 9:12 (PP)
3. Flyers , Mike Knuble 15 (Alexander Radulov) at 14:07
4. Flyers , Sami Kapanen 5 (Owen Nolan, Andy Hilbert) at 14:14

Penalties :
Denis Gauthier (PHI) for Roughing (Minor) at 0:59, Aaron Ward (CAR) for High sticking (Minor) at 8:50, Dustin Penner (PHI) for Tripping (Minor) at 11:27, Cristobal Huet (CAR) for Delaying the game (Minor) at 15:22 - Kevin Bieksa served the penalty.

Period #3

5. Hurricanes , Pavol Demitra 12 (Eric Staal, Kevin Bieksa) at 1:35 (PP)

Penalties :
Brent Seabrook (PHI) for High sticking (Minor) at 0:18, Tom Kostopoulos (CAR) for Diving (Minor) at 1:37, Tom Kostopoulos (CAR) for Hooking (Minor) at 3:56, Aaron Ward (CAR) for Slashing (Minor) at 11:26, Aaron Ward (CAR) for High sticking (Minor) at 17:50

Goalie Stats

Cristobal Huet (CAR), 26 saves from 29 shots - (0.897), L, 14-18-2, 59:51 minutes
Chris Osgood (PHI), 16 saves from 18 shots - (0.889), W, 26-14-3, 60:00 minutes

Players Stats

Hurricanes
Player Name              G  A  P  +/- PIM S  H  SB FO MP 
-----------------------------------------------------------
Aaron Miller             0  0  0   0  2   0  2  2  0  20 
Aaron Ward               0  0  0   1  6   1  3  1  0  18 
Brendan Morrison         0  0  0   0  0   1  0  0  13 16 
Brent Sopel              0  0  0   0  0   0  0  1  0  19 
Chris Gratton            0  0  0  -2  0   0  0  0  0  6  
Cory Stillman            0  0  0   0  0   0  1  0  1  15 
Eric Belanger            0  0  0  -2  0   2  0  0  18 13 
Eric Staal               0  2  2   1  0   2  0  0  15 16 
Erik Cole                1  0  1   1  0   3  3  0  0  15 
Joe Corvo                0  0  0   1  0   2  0  1  0  21 
Kevin Bieksa             0  1  1  -2  0   0  1  2  0  23 
Ladislav Nagy            0  1  1   1  0   2  0  0  1  15 
Mikko Koivu              0  0  0   0  2   1  1  0  23 20 
Pavol Demitra            1  0  1   0  0   2  0  0  0  19 
Ray Whitney              0  0  0   0  0   1  1  0  2  15 
Sergei Gonchar           0  0  0  -2  0   0  1  2  0  23 
Shawn Bates              0  0  0  -2  0   0  0  0  2  13 
Tom Kostopoulos          0  0  0   0  4   1  3  0  2  15 
Flyers
Player Name              G  A  P  +/- PIM S  H  SB FO MP 
-----------------------------------------------------------
Alexander Radulov        1  1  2   1  0   3  0  1  2  21 
Andy Hilbert             0  1  1   0  0   2  0  0  0  12 
Brent Seabrook           0  0  0   1  2   1  2  0  0  22 
Darryl Sydor             0  1  1   1  0   1  1  1  0  23 
Denis Gauthier           0  0  0   0  2   0  4  2  0  22 
Dustin Penner            0  0  0  -1  4   2  3  0  1  20 
Jeff Friesen             0  0  0   1  0   0  1  0  22 23 
Karel Rachunek           0  0  0   0  0   0  0  0  0  2  
Michal Handzus           0  0  0   0  0   0  0  2  8  8  
Mike Knuble              1  1  2   1  0   5  2  0  0  20 
Mike Van Ryn             0  0  0  -1  0   0  1  3  0  23 
Owen Nolan               0  1  1   1  0   0  0  0  0  14 
Pavel Kubina             0  0  0   1  0   3  0  0  0  23 
Peter Forsberg           0  0  0   0  0   0  0  0  0  0  
Sami Kapanen             1  0  1   1  0   4  0  0  2  18 
Samuel Pahlsson          0  0  0   1  0   2  4  0  17 17 
Todd White               0  0  0  -1  0   4  1  0  25 20 
Tomas Holmstrom          0  0  0  -1  0   2  2  0  0  21 

3 Stars

1 - Mike Knuble (PHI)
2 - Alexander Radulov (PHI)
3 - Erik Cole (CAR)

Power Play

Hurricanes - 1 on 4 Attempt(s) - 25.00%
Flyers - 1 on 8 Attempt(s) - 12.50%

Penalty Kill

Hurricanes - 7 on 8 Attempt(s) - 87.50% - Score 0 goal in Penalty Kill
Flyers - 3 on 4 Attempt(s) - 75.00% - Score 0 goal in Penalty Kill

Game Notes

No Game Note

Finance

Level 1 -- Attendance: 5876 (97.93%) -- Ticket Income $528,840.00
Level 2 -- Attendance: 4837 (96.75%) -- Ticket Income $266,035.00
Level 3 -- Attendance: 1965 (98.23%) -- Ticket Income $49,125.00
Level 4 -- Attendance: 3658 (91.46%) -- Ticket Income $73,160.00
Luxury Box -- Attendance: 934 (93.41%) -- Ticket Income $158,780.00
Game was played at the Wachovia Center
Total Attendance: 17270 (88.46%)
Total Ticket Income: $1,167,741.00
Other Income: $125,562.00
Total Income: $1,293,303.00


Play by Play

Period #1

0:01 of 1st period - Jeff Friesen wins face-off versus Mikko Koivu in neutral zone.
0:08 of 1st period - Shot by Alexander Radulov.
0:08 of 1st period - Shot Misses the Net.
1:01 of 1st period - Off-side.
1:02 of 1st period - Brendan Morrison wins face-off versus Todd White in neutral zone.
1:02 of 1st period - Cory Stillman is hit by Tomas Holmstrom.
1:03 of 1st period - Off-side.
1:04 of 1st period - Eric Staal wins face-off versus Todd White in neutral zone.
1:18 of 1st period - Erik Cole is hit by Denis Gauthier.
1:32 of 1st period - Shot by Erik Cole.
1:32 of 1st period - Shot Misses the Net.
1:38 of 1st period - Shot by Eric Staal.
1:38 of 1st period - Stopped by Chris Osgood without a rebound.
1:39 of 1st period - Brendan Morrison wins face-off versus Samuel Pahlsson in Flyers zone.
1:39 of 1st period - Brendan Morrison is hit by Denis Gauthier.
1:43 of 1st period - Shot by Cory Stillman.
1:43 of 1st period - Shot Misses the Net.
1:45 of 1st period - Shot by Brent Sopel.
1:45 of 1st period - Shot Blocked by Denis Gauthier.
1:52 of 1st period - Cory Stillman is hit by Denis Gauthier and loses puck.
2:19 of 1st period - Brent Sopel is hit by Samuel Pahlsson and loses puck.
2:28 of 1st period - Sami Kapanen is hit by Cory Stillman and loses puck.
2:44 of 1st period - Icing by Mikko Koivu.
2:45 of 1st period - Mikko Koivu wins face-off versus Jeff Friesen in Hurricanes zone.
2:53 of 1st period - Alexander Radulov is hit by Kevin Bieksa and loses puck.
3:09 of 1st period - Jeff Friesen is hit by Sergei Gonchar and loses puck.
3:48 of 1st period - Aaron Ward is hit by Todd White and loses puck.
3:57 of 1st period - Shot by Eric Staal.
3:57 of 1st period - Shot Blocked by Mike Van Ryn.
4:03 of 1st period - Shot by Eric Staal.
4:03 of 1st period - Shot Misses the Net.
4:05 of 1st period - Shot by Erik Cole.
4:05 of 1st period - Goal by Erik Cole - Hurricanes : 1 - Flyers : 0.
4:06 of 1st period - Tom Kostopoulos wins face-off versus Samuel Pahlsson in neutral zone.
4:06 of 1st period - Brendan Morrison is hit by Samuel Pahlsson.
4:36 of 1st period - Andy Hilbert is hit by Aaron Miller and loses puck.
4:52 of 1st period - Minor Penalty to Aaron Miller for Holding Stick.
4:53 of 1st period - Eric Belanger wins face-off versus Todd White in Hurricanes zone.
4:53 of 1st period - Eric Belanger is hit by Dustin Penner.
5:59 of 1st period - Shot by Pavel Kubina.
5:59 of 1st period - Stopped by Cristobal Huet without a rebound.
6:00 of 1st period - Shawn Bates wins face-off versus Alexander Radulov in Hurricanes zone.
7:00 of 1st period - Brent Sopel is hit by Brent Seabrook and loses puck.
7:23 of 1st period - Shot by Cory Stillman.
7:23 of 1st period - Shot Misses the Net.
8:41 of 1st period - Minor Penalty to Dustin Penner for Interference.
8:42 of 1st period - Eric Staal wins face-off versus Samuel Pahlsson in neutral zone.
8:46 of 1st period - Pavol Demitra is hit by Darryl Sydor and loses puck.
9:53 of 1st period - Shot by Joe Corvo.
9:53 of 1st period - Stopped by Chris Osgood without a rebound.
9:54 of 1st period - Samuel Pahlsson wins face-off versus Mikko Koivu in Flyers zone.
10:15 of 1st period - Shot by Erik Cole.
10:15 of 1st period - Shot Misses the Net.
10:49 of 1st period - Shot by Aaron Ward.
10:49 of 1st period - Stopped by Chris Osgood without a rebound.
10:50 of 1st period - Eric Belanger wins face-off versus Todd White in Flyers zone.
11:34 of 1st period - Icing by Mike Van Ryn.
11:35 of 1st period - Brendan Morrison wins face-off versus Todd White in Flyers zone.
11:40 of 1st period - Shot by Tom Kostopoulos.
11:40 of 1st period - Shot Misses the Net.
12:04 of 1st period - Shot by Mike Knuble.
12:04 of 1st period - Stopped by Cristobal Huet without a rebound.
12:05 of 1st period - Jeff Friesen wins face-off versus Eric Staal in Hurricanes zone.
12:30 of 1st period - Icing by Jeff Friesen.
12:31 of 1st period - Jeff Friesen wins face-off versus Ray Whitney in Flyers zone.
12:31 of 1st period - Jeff Friesen is hit by Ray Whitney.
13:02 of 1st period - Minor Penalty to Mikko Koivu for Roughing.
13:03 of 1st period - Todd White wins face-off versus Eric Belanger in neutral zone.
13:19 of 1st period - Icing by Mike Van Ryn.
13:20 of 1st period - Todd White wins face-off versus Eric Belanger in Flyers zone.
15:24 of 1st period - Icing by Tom Kostopoulos.
15:25 of 1st period - Jeff Friesen wins face-off versus Brendan Morrison in Hurricanes zone.
17:09 of 1st period - Chris Gratton is hit by Denis Gauthier and loses puck.
17:27 of 1st period - Icing by Denis Gauthier.
17:28 of 1st period - Todd White wins face-off versus Brendan Morrison in Flyers zone.
17:28 of 1st period - Todd White is hit by Tom Kostopoulos.
17:39 of 1st period - Mike Van Ryn is hit by Aaron Miller and loses puck.
18:23 of 1st period - Shot by Pavel Kubina.
18:23 of 1st period - Stopped by Cristobal Huet without a rebound.
18:24 of 1st period - Samuel Pahlsson wins face-off versus Eric Staal in Hurricanes zone.
18:27 of 1st period - Shot by Sami Kapanen.
18:27 of 1st period - Deflect By Owen Nolan.
18:27 of 1st period - Shot Misses the Net.
18:33 of 1st period - Samuel Pahlsson is hit by Erik Cole and loses puck.
18:50 of 1st period - Shot by Ladislav Nagy.
18:50 of 1st period - Stopped by Chris Osgood without a rebound.
18:51 of 1st period - Todd White wins face-off versus Mikko Koivu in Flyers zone.
19:18 of 1st period - Shot by Todd White.
19:18 of 1st period - Stopped by Cristobal Huet without a rebound.
19:19 of 1st period - Ladislav Nagy wins face-off versus Jeff Friesen in Hurricanes zone.
19:37 of 1st period - Shot by Alexander Radulov.
19:37 of 1st period - Shot Misses the Net.
19:39 of 1st period - Shot by Pavel Kubina.
19:39 of 1st period - Stopped by Cristobal Huet without a rebound.
19:40 of 1st period - Eric Belanger wins face-off versus Samuel Pahlsson in Hurricanes zone.
19:40 of 1st period - Eric Belanger is hit by Samuel Pahlsson.
19:45 of 1st period - Icing by Sergei Gonchar.
19:46 of 1st period - Eric Belanger wins face-off versus Todd White in Hurricanes zone.
19:46 of 1st period - Eric Belanger is hit by Dustin Penner.
19:51 of 1st period - Sergei Gonchar is hit by Dustin Penner.

Period #2

0:01 of 2nd period - Jeff Friesen wins face-off versus Mikko Koivu in neutral zone.
0:16 of 2nd period - Shot by Mikko Koivu.
0:16 of 2nd period - Stopped by Chris Osgood without a rebound.
0:17 of 2nd period - Dustin Penner wins face-off versus Eric Staal in Flyers zone.
0:22 of 2nd period - Shot by Mike Van Ryn.
0:22 of 2nd period - Shot Misses the Net.
0:49 of 2nd period - Icing by Mike Van Ryn.
0:50 of 2nd period - Mikko Koivu wins face-off versus Todd White in Flyers zone.
0:58 of 2nd period - Ray Whitney is hit by Mike Van Ryn and loses puck.
0:59 of 2nd period - Minor Penalty to Denis Gauthier for Roughing.
1:00 of 2nd period - Eric Staal wins face-off versus Samuel Pahlsson in Flyers zone.
1:19 of 2nd period - Shot by Sergei Gonchar.
1:19 of 2nd period - Shot Blocked by Michal Handzus.
1:23 of 2nd period - Shot by Ladislav Nagy.
1:23 of 2nd period - Stopped by Chris Osgood without a rebound.
1:24 of 2nd period - Michal Handzus wins face-off versus Mikko Koivu in Flyers zone.
1:40 of 2nd period - Shot by Sergei Gonchar.
1:40 of 2nd period - Shot Misses the Net.
1:44 of 2nd period - Shot by Ray Whitney.
1:44 of 2nd period - Shot Misses the Net.
1:48 of 2nd period - Shot by Ray Whitney.
1:48 of 2nd period - Shot Blocked by Mike Van Ryn.
1:50 of 2nd period - Shot by Mikko Koivu.
1:50 of 2nd period - Shot Misses the Net.
1:52 of 2nd period - Shot by Joe Corvo.
1:52 of 2nd period - Shot Misses the Net.
1:56 of 2nd period - Shot by Erik Cole.
1:56 of 2nd period - Shot Blocked by Michal Handzus.
1:58 of 2nd period - Shot by Joe Corvo.
1:58 of 2nd period - Deflect By Erik Cole.
1:58 of 2nd period - Shot Misses the Net.
2:00 of 2nd period - Shot by Joe Corvo.
2:00 of 2nd period - Shot Blocked by Mike Van Ryn.
2:44 of 2nd period - Shot by Pavol Demitra.
2:44 of 2nd period - Stopped by Chris Osgood without a rebound.
2:45 of 2nd period - Ray Whitney wins face-off versus Samuel Pahlsson in Flyers zone.
3:10 of 2nd period - Shot by Tomas Holmstrom.
3:10 of 2nd period - Stopped by Cristobal Huet without a rebound.
3:11 of 2nd period - Todd White wins face-off versus Eric Belanger in Hurricanes zone.
3:18 of 2nd period - Shot by Eric Belanger.
3:18 of 2nd period - Stopped by Chris Osgood without a rebound.
3:19 of 2nd period - Samuel Pahlsson wins face-off versus Brendan Morrison in Flyers zone.
3:19 of 2nd period - Samuel Pahlsson is hit by Tom Kostopoulos.
4:07 of 2nd period - Icing by Brent Sopel.
4:08 of 2nd period - Todd White wins face-off versus Cory Stillman in Hurricanes zone.
4:25 of 2nd period - Dustin Penner is hit by Erik Cole and loses puck.
4:53 of 2nd period - Shot by Erik Cole.
4:53 of 2nd period - Stopped by Chris Osgood without a rebound.
4:54 of 2nd period - Mikko Koivu wins face-off versus Jeff Friesen in Flyers zone.
5:01 of 2nd period - Shot by Mike Knuble.
5:01 of 2nd period - Stopped by Cristobal Huet without a rebound.
5:02 of 2nd period - Eric Belanger wins face-off versus Alexander Radulov in Hurricanes zone.
5:15 of 2nd period - Shot by Mike Knuble.
5:15 of 2nd period - Shot Misses the Net.
5:17 of 2nd period - Shot by Mike Knuble.
5:17 of 2nd period - Shot Misses the Net.
5:19 of 2nd period - Shot by Mike Knuble.
5:19 of 2nd period - Stopped by Cristobal Huet without a rebound.
5:20 of 2nd period - Mikko Koivu wins face-off versus Samuel Pahlsson in Hurricanes zone.
5:55 of 2nd period - Shot by Sami Kapanen.
5:55 of 2nd period - Stopped by Cristobal Huet without a rebound.
5:56 of 2nd period - Todd White wins face-off versus Eric Staal in Hurricanes zone.
5:57 of 2nd period - Shot by Tomas Holmstrom.
5:57 of 2nd period - Shot Blocked by Joe Corvo.
5:59 of 2nd period - Shot by Todd White.
5:59 of 2nd period - Shot Misses the Net.
6:03 of 2nd period - Shot by Todd White.
6:03 of 2nd period - Stopped by Cristobal Huet with a rebound.
6:05 of 2nd period - Shot by Todd White.
6:05 of 2nd period - Stopped by Cristobal Huet without a rebound.
6:06 of 2nd period - Brendan Morrison wins face-off versus Michal Handzus in Hurricanes zone.
7:11 of 2nd period - Shot by Eric Staal.
7:11 of 2nd period - Shot Blocked by Alexander Radulov.
7:19 of 2nd period - Shot by Erik Cole.
7:19 of 2nd period - Stopped by Chris Osgood without a rebound.
7:20 of 2nd period - Samuel Pahlsson wins face-off versus Mikko Koivu in Flyers zone.
7:31 of 2nd period - Shot by Ray Whitney.
7:31 of 2nd period - Shot Blocked by Darryl Sydor.
8:17 of 2nd period - Icing by Mikko Koivu.
8:18 of 2nd period - Mikko Koivu wins face-off versus Todd White in Hurricanes zone.
8:47 of 2nd period - Shot by Andy Hilbert.
8:47 of 2nd period - Shot Misses the Net.
8:49 of 2nd period - Shot by Todd White.
8:49 of 2nd period - Shot Misses the Net.
8:50 of 2nd period - Minor Penalty to Aaron Ward for High sticking.
8:51 of 2nd period - Jeff Friesen wins face-off versus Shawn Bates in Hurricanes zone.
9:10 of 2nd period - Shot by Darryl Sydor.
9:10 of 2nd period - Stopped by Cristobal Huet with a rebound.
9:12 of 2nd period - Shot by Alexander Radulov.
9:12 of 2nd period - Goal by Alexander Radulov - Hurricanes : 1 - Flyers : 1.
9:13 of 2nd period - Samuel Pahlsson wins face-off versus Brendan Morrison in neutral zone.
9:46 of 2nd period - Shot by Sami Kapanen.
9:46 of 2nd period - Shot Misses the Net.
10:36 of 2nd period - Icing by Brent Seabrook.
10:37 of 2nd period - Jeff Friesen wins face-off versus Mikko Koivu in Flyers zone.
11:06 of 2nd period - Shot by Ray Whitney.
11:06 of 2nd period - Stopped by Chris Osgood with a rebound.
11:27 of 2nd period - Minor Penalty to Dustin Penner for Tripping.
11:28 of 2nd period - Sami Kapanen wins face-off versus Eric Staal in Hurricanes zone.
12:16 of 2nd period - Icing by Erik Cole.
12:17 of 2nd period - Michal Handzus wins face-off versus Mikko Koivu in Hurricanes zone.
12:42 of 2nd period - Icing by Aaron Ward.
12:43 of 2nd period - Michal Handzus wins face-off versus Eric Staal in Hurricanes zone.
13:54 of 2nd period - Shot by Tom Kostopoulos.
13:54 of 2nd period - Stopped by Chris Osgood without a rebound.
13:55 of 2nd period - Jeff Friesen wins face-off versus Eric Belanger in Flyers zone.
14:05 of 2nd period - Shot by Mike Knuble.
14:05 of 2nd period - Shot Misses the Net.
14:07 of 2nd period - Shot by Alexander Radulov.
14:07 of 2nd period - Deflect By Mike Knuble.
14:07 of 2nd period - Goal by Mike Knuble - Hurricanes : 1 - Flyers : 2.
14:08 of 2nd period - Samuel Pahlsson wins face-off versus Eric Belanger in neutral zone.
14:12 of 2nd period - Shot by Andy Hilbert.
14:12 of 2nd period - Deflect By Owen Nolan.
14:12 of 2nd period - Shot Misses the Net.
14:14 of 2nd period - Shot by Sami Kapanen.
14:14 of 2nd period - Goal by Sami Kapanen - Hurricanes : 1 - Flyers : 3.
14:15 of 2nd period - Eric Staal wins face-off versus Sami Kapanen in neutral zone.
14:38 of 2nd period - Shot by Sami Kapanen.
14:38 of 2nd period - Shot Misses the Net.
14:40 of 2nd period - Shot by Owen Nolan.
14:40 of 2nd period - Shot Misses the Net.
14:48 of 2nd period - Shot by Owen Nolan.
14:48 of 2nd period - Shot Misses the Net.
14:50 of 2nd period - Shot by Samuel Pahlsson.
14:50 of 2nd period - Stopped by Cristobal Huet with a rebound.
15:00 of 2nd period - Denis Gauthier is hit by Erik Cole and loses puck.
15:08 of 2nd period - Icing by Denis Gauthier.
15:09 of 2nd period - Todd White wins face-off versus Mikko Koivu in Flyers zone.
15:22 of 2nd period - Shot by Dustin Penner.
15:22 of 2nd period - Stopped by Cristobal Huet without a rebound.
15:22 of 2nd period - Minor Penalty to Cristobal Huet for Delaying the game.
15:23 of 2nd period - Eric Belanger wins face-off versus Jeff Friesen in Hurricanes zone.
15:35 of 2nd period - Icing by Alexander Radulov.
15:36 of 2nd period - Mikko Koivu wins face-off versus Jeff Friesen in Flyers zone.
15:56 of 2nd period - Shot by Mike Knuble.
15:56 of 2nd period - Shot Blocked by Sergei Gonchar.
15:58 of 2nd period - Shot by Darryl Sydor.
15:58 of 2nd period - Shot Blocked by Aaron Miller.
16:02 of 2nd period - Shot by Alexander Radulov.
16:02 of 2nd period - Shot Misses the Net.
17:24 of 2nd period - Shot by Mike Knuble.
17:24 of 2nd period - Shot Blocked by Kevin Bieksa.
17:43 of 2nd period - Shot by Samuel Pahlsson.
17:43 of 2nd period - Shot Misses the Net.
17:45 of 2nd period - Shot by Samuel Pahlsson.
17:45 of 2nd period - Stopped by Cristobal Huet without a rebound.
17:46 of 2nd period - Eric Staal wins face-off versus Todd White in Hurricanes zone.
18:04 of 2nd period - Brent Seabrook is hit by Aaron Ward and loses puck.
19:23 of 2nd period - Shot by Mike Knuble.
19:23 of 2nd period - Stopped by Cristobal Huet without a rebound.
19:24 of 2nd period - Mikko Koivu wins face-off versus Jeff Friesen in Hurricanes zone.
19:24 of 2nd period - Mikko Koivu is hit by Mike Knuble.

Period #3

0:01 of 3rd period - Mikko Koivu wins face-off versus Jeff Friesen in neutral zone.
0:04 of 3rd period - Pavel Kubina is hit by Mikko Koivu and loses puck.
0:18 of 3rd period - Minor Penalty to Brent Seabrook for High sticking.
0:19 of 3rd period - Michal Handzus wins face-off versus Mikko Koivu in Flyers zone.
0:45 of 3rd period - Shot by Ray Whitney.
0:45 of 3rd period - Shot Misses the Net.
0:47 of 3rd period - Shot by Erik Cole.
0:47 of 3rd period - Shot Blocked by Denis Gauthier.
1:33 of 3rd period - Shot by Kevin Bieksa.
1:33 of 3rd period - Deflect By Eric Staal.
1:33 of 3rd period - Stopped by Chris Osgood with a rebound.
1:35 of 3rd period - Shot by Pavol Demitra.
1:35 of 3rd period - Goal by Pavol Demitra - Hurricanes : 2 - Flyers : 3.
1:36 of 3rd period - Todd White wins face-off versus Brendan Morrison in neutral zone.
1:36 of 3rd period - Todd White is hit by Tom Kostopoulos.
1:37 of 3rd period - Minor Penalty to Tom Kostopoulos for Diving.
1:38 of 3rd period - Todd White wins face-off versus Eric Belanger in neutral zone.
2:05 of 3rd period - Shot by Mike Van Ryn.
2:05 of 3rd period - Shot Misses the Net.
2:07 of 3rd period - Shot by Mike Van Ryn.
2:07 of 3rd period - Shot Blocked by Aaron Ward.
2:09 of 3rd period - Shot by Dustin Penner.
2:09 of 3rd period - Shot Blocked by Aaron Miller.
2:11 of 3rd period - Shot by Brent Seabrook.
2:11 of 3rd period - Shot Misses the Net.
2:13 of 3rd period - Shot by Brent Seabrook.
2:13 of 3rd period - Stopped by Cristobal Huet with a rebound.
2:15 of 3rd period - Shot by Todd White.
2:15 of 3rd period - Deflect By Dustin Penner.
2:15 of 3rd period - Shot Misses the Net.
3:56 of 3rd period - Minor Penalty to Tom Kostopoulos for Hooking.
3:57 of 3rd period - Eric Belanger wins face-off versus Jeff Friesen in Flyers zone.
4:46 of 3rd period - Icing by Todd White.
4:47 of 3rd period - Todd White wins face-off versus Eric Belanger in Flyers zone.
6:05 of 3rd period - Icing by Brent Sopel.
6:06 of 3rd period - Samuel Pahlsson wins face-off versus Brendan Morrison in Hurricanes zone.
6:22 of 3rd period - Icing by Brent Sopel.
6:23 of 3rd period - Brendan Morrison wins face-off versus Michal Handzus in Hurricanes zone.
7:12 of 3rd period - Shot by Owen Nolan.
7:12 of 3rd period - Shot Misses the Net.
7:16 of 3rd period - Shot by Sami Kapanen.
7:16 of 3rd period - Stopped by Cristobal Huet without a rebound.
7:17 of 3rd period - Todd White wins face-off versus Eric Staal in Hurricanes zone.
8:13 of 3rd period - Shot by Eric Belanger.
8:13 of 3rd period - Shot Misses the Net.
8:15 of 3rd period - Shot by Kevin Bieksa.
8:15 of 3rd period - Shot Misses the Net.
8:17 of 3rd period - Shot by Eric Belanger.
8:17 of 3rd period - Stopped by Chris Osgood without a rebound.
8:18 of 3rd period - Jeff Friesen wins face-off versus Brendan Morrison in Flyers zone.
9:55 of 3rd period - Shot by Dustin Penner.
9:55 of 3rd period - Stopped by Cristobal Huet with a rebound.
9:59 of 3rd period - Shot by Mike Van Ryn.
9:59 of 3rd period - Shot Blocked by Brent Sopel.
10:01 of 3rd period - Shot by Todd White.
10:01 of 3rd period - Shot Misses the Net.
10:03 of 3rd period - Shot by Tomas Holmstrom.
10:03 of 3rd period - Shot Misses the Net.
10:05 of 3rd period - Shot by Todd White.
10:05 of 3rd period - Stopped by Cristobal Huet without a rebound.
10:06 of 3rd period - Jeff Friesen wins face-off versus Mikko Koivu in Hurricanes zone.
10:40 of 3rd period - Shot by Mikko Koivu.
10:40 of 3rd period - Shot Misses the Net.
11:10 of 3rd period - Shot by Tomas Holmstrom.
11:10 of 3rd period - Shot Misses the Net.
11:12 of 3rd period - Shot by Andy Hilbert.
11:12 of 3rd period - Stopped by Cristobal Huet with a rebound.
11:14 of 3rd period - Shot by Dustin Penner.
11:14 of 3rd period - Shot Blocked by Kevin Bieksa.
11:18 of 3rd period - Shot by Andy Hilbert.
11:18 of 3rd period - Stopped by Cristobal Huet without a rebound.
11:19 of 3rd period - Samuel Pahlsson wins face-off versus Eric Staal in Hurricanes zone.
11:24 of 3rd period - Shot by Sami Kapanen.
11:24 of 3rd period - Stopped by Cristobal Huet without a rebound.
11:25 of 3rd period - Samuel Pahlsson wins face-off versus Eric Staal in Hurricanes zone.
11:25 of 3rd period - Samuel Pahlsson is hit by Aaron Ward.
11:26 of 3rd period - Minor Penalty to Aaron Ward for Slashing.
11:27 of 3rd period - Eric Belanger wins face-off versus Todd White in Hurricanes zone.
12:32 of 3rd period - Mikko Koivu is hit by Mike Knuble and loses puck.
12:47 of 3rd period - Shot by Alexander Radulov.
12:47 of 3rd period - Stopped by Cristobal Huet with a rebound.
14:14 of 3rd period - Brendan Morrison is hit by Samuel Pahlsson and loses puck.
14:33 of 3rd period - Cory Stillman is hit by Brent Seabrook and loses puck.
14:36 of 3rd period - Shot by Brendan Morrison.
14:36 of 3rd period - Stopped by Chris Osgood without a rebound.
14:37 of 3rd period - Eric Belanger wins face-off versus Todd White in Flyers zone.
15:35 of 3rd period - Shot by Alexander Radulov.
15:35 of 3rd period - Shot Misses the Net.
15:37 of 3rd period - Shot by Mike Knuble.
15:37 of 3rd period - Shot Blocked by Sergei Gonchar.
15:43 of 3rd period - Shot by Alexander Radulov.
15:43 of 3rd period - Stopped by Cristobal Huet without a rebound.
15:44 of 3rd period - Brendan Morrison wins face-off versus Michal Handzus in Hurricanes zone.
15:44 of 3rd period - Brendan Morrison is hit by Jeff Friesen.
16:15 of 3rd period - Icing by Alexander Radulov.
16:16 of 3rd period - Eric Staal wins face-off versus Michal Handzus in Flyers zone.
16:22 of 3rd period - Darryl Sydor is hit by Aaron Ward and loses puck.
16:31 of 3rd period - Shot by Erik Cole.
16:31 of 3rd period - Shot Misses the Net.
16:35 of 3rd period - Shot by Eric Staal.
16:35 of 3rd period - Shot Misses the Net.
16:37 of 3rd period - Shot by Joe Corvo.
16:37 of 3rd period - Stopped by Chris Osgood without a rebound.
16:38 of 3rd period - Mikko Koivu wins face-off versus Todd White in Flyers zone.
17:24 of 3rd period - Ladislav Nagy is hit by Tomas Holmstrom.
17:49 of 3rd period - Shot by Samuel Pahlsson.
17:49 of 3rd period - Shot Misses the Net.
17:50 of 3rd period - Minor Penalty to Aaron Ward for High sticking.
17:51 of 3rd period - Jeff Friesen wins face-off versus Eric Belanger in Hurricanes zone.
18:09 of 3rd period - Icing by Brent Seabrook.
18:10 of 3rd period - Jeff Friesen wins face-off versus Eric Belanger in Flyers zone.
18:23 of 3rd period - Off-side.
18:24 of 3rd period - Mikko Koivu wins face-off versus Todd White in neutral zone.
18:39 of 3rd period - Shot by Tomas Holmstrom.
18:39 of 3rd period - Stopped by Cristobal Huet without a rebound.
18:40 of 3rd period - Mikko Koivu wins face-off versus Jeff Friesen in Hurricanes zone.
18:46 of 3rd period - Icing by Pavel Kubina.
18:47 of 3rd period - Mikko Koivu wins face-off versus Jeff Friesen in Flyers zone.
19:49 of 3rd period - Icing by Mike Van Ryn.
19:50 of 3rd period - Tom Kostopoulos wins face-off versus Samuel Pahlsson in Flyers zone.
19:51 of 3rd period - Hurricanes, Cristobal Huet is pulled from the net.


Output by the SimonT Hockey Simulator (STHS) for Stephane Roy -- Original Page W3C XHTML 1.0 Valid